 Dungeon Crawl Stone Soup version 0.26-a0-1213-gd52f5182fe (webtiles) character file.

Game seed: 13868562975903324343

1976 tilp the Basher (level 9, 0/96 HPs)
             Began as an Ogre Abyssal Knight on Dec 30, 2020.
             Was an Elder of Lugonu.
             Slain by a troll (6 damage)
             ... on level 7 of the Dungeon.
             The game lasted 00:12:16 (10257 turns).

tilp the Basher (Ogre Abyssal Knight)              Turns: 10257, Time: 00:12:17

Health: 0/96       AC:  6    Str: 24    XL:     9   Next: 20%
Magic:  12/12      EV: 10    Int: 16    God:    Lugonu [****..]
Gold:   69         SH:  0    Dex:  8    Spells: 8/8 levels left

rFire    . . .     SeeInvis .   b - +1 flail
rCold    . . .     Faith    .   (no shield)
rNeg     . . .     Spirit   .   B - +2 robe {Will+}
rPois    .         Reflect  .   (helmet restricted)
rElec    .         Harm     .   t - +0 cloak
rCorr    +         Rampage  .   (gloves unavailable)
Will     +....                  (boots unavailable)
Stlth    +.........             (no amulet)
HPRegen  0.26/turn              z - +6 ring of strength
MPRegen  0.13/turn              q - ring of resist corrosion

@: no status effects
A: large, unfitting armour, tough skin 1
a: Renounce Religion, Depart the Abyss, Bend Space, Banish, Corrupt


You were on level 7 of the Dungeon.
You worshipped Lugonu.
Lugonu was greatly pleased with you.
You visited 1 branch of the dungeon, and saw 7 of its levels.
You visited the Abyss 1 time.

You collected 298 gold pieces.
You spent 229 gold pieces at shops.

Inventory:

Hand Weapons
 a - a +1 mace
 b - a +1 flail (weapon)
 y - a +0 giant club
 F - a +0 giant spiked club
Missiles
 e - 280 stones
 j - 2 atropa-tipped darts
 s - 4 boomerangs (quivered)
 C - 16 poisoned darts
Armour
 t - a +0 cloak (worn)
 B - a +2 robe of willpower (worn)
Jewellery
 d - an uncursed ring of fire
 q - a ring of resist corrosion (right hand)
 z - a +6 ring of strength (left hand)
Wands
 k - a wand of paralysis (1)
 o - a wand of iceblast (3)
 E - a wand of acid (7)
Scrolls
 h - a scroll of blinking
 l - 2 scrolls of enchant weapon
 p - a scroll of enchant armour {unknown}
 r - a scroll of identify
 u - 2 scrolls of remove curse
 v - a scroll of magic mapping {unknown}
 x - 2 scrolls of teleportation
 D - a scroll of vulnerability {unknown}
Potions
 c - 4 potions of brilliance
 f - 2 potions of might
 g - 9 potions of curing
 i - 4 potions of haste
 m - 2 potions of magic {unknown}
 n - 2 potions of mutation {unknown}
 w - a potion of heal wounds {unknown}
 A - 2 potions of berserk rage {unknown}


   Skills:
 - Level 8.0 Fighting
 + Level 8.1 Maces & Flails
 - Level 2.1 Dodging
 - Level 4.0 Invocations
 - Level 4.0 Evocations


You had 8 spell levels left.
You didn't know any spells.
Your spell library contained the following spells:

 Spells                   Type           Power        Failure   Level
 Magic Dart               Conj           0%           26%         1
 Blink                    Tloc           N/A          36%         2
 Call Imp                 Summ           0%           36%         2
 Slow                     Hex            0%           36%         2
 Confusing Touch          Hex            0%           58%         3
 Conjure Flame            Conj/Fire      0%           58%         3
 Gell's Gravitas          Tloc           0%           58%         3
 Mephitic Cloud           Conj/Pois/Air  0%           58%         3
 Petrify                  Tmut/Erth      0%           94%         4
 Metabolic Englaciation   Hex/Ice        0%           100%        5
 Yara's Violent Unravell  Hex/Tmut       0%           100%        5


Dungeon Overview and Level Annotations

Branches:
Dungeon (7/15)             Temple (0/1) D:4

Altars:
Dithmenos
Elyvilon
Kikubaaqudgha
Makhleb
Okawaru
Trog
Wu Jian
Yredelemnul

Shops:
D:4 [

Annotations:
D:6 2 transporters (brooch of shielding), tilp's ghost, novice OgAK


Innate Abilities, Weirdness & Mutations

You are too large for most types of armour.
You have tough skin. (AC +1)


Message History

You sock the troll!
The troll is severely wounded.
The troll bites you!
* * * LOW HITPOINT WARNING * * *
The troll closely misses you. The troll claws you.
* * * LOW HITPOINT WARNING * * *
You barely miss the troll.
The troll is severely wounded.
The troll bites you!
* * * LOW HITPOINT WARNING * * *
The troll closely misses you. The troll claws you!
* * * LOW HITPOINT WARNING * * *
You barely miss the troll.
The troll is severely wounded.
The troll bites you.
* * * LOW HITPOINT WARNING * * *
The troll claws you.
* * * LOW HITPOINT WARNING * * *
The troll claws you.
You die...

#.#........ ###
##.########. .#
..###..# .# ....#..# .#
.......# .#
.......########. .#
.......#........ .#
.......#.########T#
....#.........)[@.##..#
.####...#######......#
.# ##### #####.## .# #
#### .._# ...## #...#
....##


You could see a troll.

Vanquished Creatures
  3 ice beasts
  A necrophage (D:5)
  4 ogres
  A centaur (D:7)
  A bullfrog (D:7)
  A scorpion (D:3)
  A killer bee (D:7)
  3 howler monkeys (D:7)
  5 hounds
  A bullfrog skeleton (D:5)
  A centaur skeleton (D:5)
  An orc priest (D:7)
  3 orc wizards
  A gnoll shaman (D:5)
  Ijyb (D:3)
  An iguana (D:5)
  5 worker ants
  2 hound skeletons (D:4)
  A worker ant zombie (D:7)
  Robin (D:1)
  7 gnolls
  10 adders
  2 shadow imps
  A white imp (D:7)
  2 ufetubi
  An adder zombie (D:5)
  7 worms
  A dart slug (D:2)
  3 leopard geckos
  13 orcs
  8 ball pythons
  6 giant cockroaches
  14 goblins
  16 hobgoblins
  18 jackals
  4 quokkas
  15 bats
  7 frilled lizards
  A jackal zombie (D:5)
  10 kobolds
  6 rats
190 creatures vanquished.

Vanquished Creatures (others)
  A fungus (D:2)
1 creature vanquished.

Grand Total: 191 creatures vanquished

Notes
Turn   | Place    | Note
-------+----------+-------------------------------------------
     0 | Abyss:1  | tilp the Ogre Abyssal Knight began the quest for the Orb.
     0 | Abyss:1  | Reached XP level 1. HP: 24/24 MP: 2/2
    95 | Abyss:1  | Noticed a green death
    97 | D:1      | Escaped the Abyss
   254 | D:1      | Reached XP level 2. HP: 33/33 MP: 3/3
   438 | D:1      | Reached * piety under Lugonu
   882 | D:1      | Reached XP level 3. HP: 40/40 MP: 4/4
  1229 | D:1      | Reached skill level 5 in Fighting
  1279 | D:2      | Noticed Robin
  1525 | D:1      | Killed Robin
  1526 | D:1      | Reached XP level 4. HP: 47/50 MP: 5/5
  1593 | D:2      | Reached ** piety under Lugonu
  2916 | D:2      | Reached XP level 5. HP: 57/59 MP: 6/6
  4096 | D:3      | Reached *** piety under Lugonu
  4212 | D:3      | Reached XP level 6. HP: 39/67 MP: 7/7
  4725 | D:3      | Noticed Ijyb
  4734 | D:3      | Killed Ijyb
  5113 | D:3      | Reached skill level 5 in Maces & Flails
  5852 | D:4      | Found a staircase to the Ecumenical Temple.
  5951 | D:4      | Found Gout's Antique Armour Boutique.
  5955 | D:4      | Bought a cloak for 126 gold pieces
  6120 | D:5      | Entered Level 5 of the Dungeon
  6207 | D:5      | Reached XP level 7. HP: 56/75 MP: 8/8
  6734 | D:5      | Reached skill level 1 in Evocations
  7089 | D:5      | Found an ornate altar of the Wu Jian Council.
  7220 | D:5      | Reached XP level 8. HP: 26/84 MP: 10/10
  7702 | D:5      | Reached **** piety under Lugonu
  7853 | D:6      | Found the brooch of Shielding {Spirit SH+8}
  7858 | D:6      | Found a transporter.
  7858 | D:6      | Noticed tilp's ghost (novice OgAK)
  7862 | D:6      | Found a transporter.
  8137 | D:6      | Found a basalt altar of Yredelemnul.
  8555 | D:4      | Bought an embroidered robe for 103 gold pieces
  9643 | D:7      | Noticed a troll
  9699 | D:7      | Reached XP level 9. HP: 96/96 MP: 12/12
  9937 | D:7      | Found a shadowy altar of Dithmenos.
  9937 | D:7      | Found an iron altar of Okawaru.
  9937 | D:7      | Found a burning altar of Makhleb.
  9937 | D:7      | Found an ancient bone altar of Kikubaaqudgha.
  9944 | D:7      | Found a bloodstained altar of Trog.
  9948 | D:7      | Found a white marble altar of Elyvilon.
 10257 | D:7      | Slain by a troll

Illustrated notes

Levels and vault maps discovered:
D:1:      dpeg_arrival_signposts, layout_loops_ring, minivault_4
D:2:      minmay_thinvault, layout_rooms, minmay_shallow_snake_nest, uniq_robin
D:3:      layout_loops_ring, uniq_ijyb
D:4:      layout_cave_pools, minmay_temple_entry_drinking_statues, serial_shops,
          shop, chequers_serial_rivers_large_a
D:5:      layout_gridville, lemuel_doored_altar
D:6:      layout_basic, yredelemnul_altar_generic, gammafunk_ghost_arena,
          kennysheep_generic_room_12
D:7:      layout_cave_pods, minmay_overflow_temple_hex, minivault_27,
          minmay_bent

Skill      XL: |  1  2  3  4  5  6  7  8  9 |
---------------+----------------------------+-----
Maces & Flails | 2 3 4 5 6 7 8 |  8.1
Fighting       | 5 6 8 |  8.0
Evocations     | 1 3 4 |  4.0
Invocations    | 3 4 |  4.0
Dodging        | |  2.1

Action                   |  1- 3 |  4- 6 |  7- 9 || total
-------------------------+-------+-------+-------++-------
Melee: Mace              |   104 |   380 |    20 ||   504
       Flail             |       |       |   214 ||   214
Throw: Stone             |       |    17 |    17 ||    34
       Boomerang         |       |       |    19 ||    19
Invok: Depart the Abyss  |     1 |       |       ||     1
Evoke: Wand              |       |     5 |       ||     5
  Use: Scroll            |     1 |       |     9 ||    10
 Stab: Paralysed         |       |    12 |       ||    12
Armor: Robe              |    43 |   144 |    67 ||   254
Dodge: Dodged            |    70 |   220 |   134 ||   424

Table legend: (Time is in decaauts)
 A = Elapsed time spent in this place.
 B = Non-inter-level travel time spent in this place.
 C = Inter-level travel time spent in this place.
 D = Time resting spent in this place.
 E = Time spent auto-exploring this place.
 F = Levels seen in this place.
 G = Mean time per level.
                   A        B        C        D        E       F      G
               +--------+--------+--------+--------+--------+-----+--------+
         Total |  10402 |   9842 |    560 |   3127 |   4864 |   8 | 1300.2 |
       Dungeon |  10305 |   9745 |    560 |   3127 |   4771 |   7 | 1472.1 |
         Abyss |     97 |     97 |      0 |      0 |     93 |   1 |   97.0 |
               +--------+--------+--------+--------+--------+-----+--------+

Top non-repeatable levels by time:
     D:2: 2580 daAuts
     D:5: 1541 daAuts
     D:3: 1449 daAuts
     D:1: 1336 daAuts
     D:7: 1264 daAuts
     D:6: 1119 daAuts
     D:4: 1014 daAuts
 Abyss:1: 97 daAuts
